cohdb
Replays
Latest Replays
All Replays
Popular Replays
Top Player Replays
Match Explorer
How It Works
Community
CoH3 Stats
Reddit
Sign in to upload your games and track your stats! →
Sign in with Steam
Match 46373960
Unlisted
Match 46373960
Overview
Messages
Build Orders
End
Royal Engineer Section
Selects Indian Artillery Battlegroup
Vickers Machine Gun Team
Construct Section Command Post
Infantry Section
Infantry Section
Construct Field Infirmary
Grenade Package
Selects Valour
Construct Platoon Command Post
6-pounder Anti-tank Gun Team
Selects Gurkha Rifles Section
Infantry Training
Team Weapon Training
Gurkha Rifles Section
Selects Volunteer Infantry
CAuMOH
✠Kaiser✠ tushkan
PutPut-AutistInPerfection
Ashur
0
0
Comments
sign in to comment!
No comments posted yet!